 Dungeon Crawl Stone Soup version 0.23.2-1-ga50397a (webtiles) character file.

Game seed: 16294091855690487112

40 schauveau the Chopper (level 3, -5/31 HPs)
             Began as a Minotaur Monk on May 5, 2019.
             Slain by an orc priest
             ... wielding a +0 long sword
              (7 damage)
             ... on level 4 of the Dungeon.
             The game lasted 00:02:24 (868 turns).

schauveau the Chopper (Minotaur Monk)                Turns: 868, Time: 00:02:25

Health: -5/31      AC:  3    Str: 15 (16) XL:     3   Next: 30%
Magic:  2/2        EV: 12    Int:  4 (7)  God:
Gold:   15         SH:  0    Dex: 11 (12) Spells: 2/2 levels left

rFire    . . .     SeeInvis .   a - +0 hand axe
rCold    . . .     Gourm    .   (no shield)
rNeg     . . .     Faith    .   d - +0 leather armour
rPois    .         Spirit   .   (helmet restricted)
rElec    .         Reflect  .   (no cloak)
rCorr    .         Harm     .   (no gloves)
MR       .....                  (no boots)
Stlth    +.........             (no amulet)
HPRegen  0.10/turn              (no ring)
MPRegen  0.08/turn              (no ring)

@: no status effects
A: retaliatory headbutt, horns 2
a: no special abilities


You were on level 4 of the Dungeon.
You were not hungry.

You visited 1 branch of the dungeon, and saw 4 of its levels.

You collected 15 gold pieces.

Inventory:

Hand Weapons
 a - a +0 hand axe (weapon)
Missiles
 h - 10 poisoned needles
Armour
 d - a +0 leather armour (worn)
Scrolls
 b - a scroll of fog {unknown}
 e - a scroll of teleportation {unknown}
 g - a scroll of amnesia {unknown}
Comestibles
 c - 2 rations


   Skills:
 - Level 3.6 Fighting
 * Level 5.4 Axes
 - Level 3.2 Dodging
 - Level 1.5 Stealth


You had 2 spell levels left.
You didn't know any spells.
Your spell library was empty.

Dungeon Overview and Level Annotations

Branches:
Dungeon (4/15)
 Temple: D:4-7

Altars:

Annotations:
D:3 Grinder


Innate Abilities, Weirdness & Mutations

You reflexively headbutt those who attack you in melee.
You have a pair of horns on your head.


Message History

The orc wizard is wielding a +2 dagger of electrocution.
The orc wizard shouts! x2; The orc shouts!
The orc priest hits you with a +0 long sword.
The orc wizard points at you and mumbles some strange words.
The puff of flame hits you.
The orc wizard casts a spell.
The orc wizard seems to speed up.
You hit the orc priest.
You headbutt the orc priest, but do no damage.
The orc priest is lightly wounded.
The orc wizard points at you and mumbles some strange words.
The puff of flame hits you.
* * * LOW HITPOINT WARNING * * *
The orc priest hits you with a +0 long sword.
* * * LOW HITPOINT WARNING * * *
It was a potion of degeneration.
There was something very wrong with that liquid.
You feel weakened.
You feel dopey.
You feel clumsy.
The orc priest hits you with a +0 long sword!
You die...

.........##..#
#...##...##..#..#
............##
...###.....##...#
.......#.##...
...##.....## ..
.......### #.
#..........##... ........
#.####..........<....
........#
##....#...............
........#
#.........##.#...##...
####......##.# ##.#....#.
........@###.###..###....
#......oo.#......## ....
###................# ...
#.##.............# ... #
#......o......... .#
....###..a......... ...##
#.......o.... ....
.>........?.. .#
.#.....#....a.


You could see a worker ant (wandering), an orc priest, an orc wizard and an orc.

Vanquished Creatures
  A hound skeleton (D:4)
  An adder (D:4)
  A worm (D:2)
  A dart slug (D:2)
  A leopard gecko (D:4)
  An orc (D:4)
  A giant cockroach (D:3)
  A frilled lizard (D:2)
  3 kobolds
  A quokka skeleton (D:4)
  3 rats
15 creatures vanquished.

Notes
Turn   | Place    | Note
-------+----------+-------------------------------------------
     0 | D:1      | schauveau the Minotaur Monk began the quest for the Orb.
     0 | D:1      | Reached XP level 1. HP: 19/19 MP: 0/0
     0 | D:1      | Noticed a minotaur zombie
    14 | D:1      | Noticed a merfolk zombie
   108 | D:2      | Reached skill level 4 in Axes
   354 | D:2      | Reached XP level 2. HP: 20/26 MP: 1/1
   454 | D:3      | Noticed Grinder
   548 | D:4      | Reached skill level 5 in Axes
   628 | D:4      | Noticed an ogre
   850 | D:4      | Reached XP level 3. HP: 29/31 MP: 2/2
   868 | D:4      | Slain by an orc priest

Skill      XL: |  1  2 |
---------------+-------+-----
Axes           | 4 5 |  5.4
Fighting       | |  3.6
Dodging        | |  3.2
Stealth        | |  1.5

Action                   || total
-------------------------++-------
Melee: Hand axe          ||    36
       Headbutt          ||     9
  Use: Potion            ||     1
 Stab: Sleeping          ||     3
Armor: Leather armour    ||     5
Dodge: Dodged            ||    21
